 Dungeon Crawl Stone Soup version 0.29-a0-111-gbaf749a769 (webtiles) character file.

Game seed: 3994995458597493036

584 kae the Ruffian (level 7, -2/84 HPs)
             Began as a Red Draconian Transmuter on Feb 17, 2022.
             Was an Initiate of Ru.
             Succumbed to a kobold brigand's poison
             ... in a sewer.
             The game lasted 00:03:48 (4408 turns).

kae the Ruffian (Red Draconian Transmuter)          Turns: 4408, Time: 00:03:49

Health: -2/84      AC: 23    Str: 10 (13) XL:     7   Next: 14%
Magic:  7/11       EV:  2    Int: 12 (15) God:    Ru [......]
Gold:   244        SH:  0    Dex:  8 (11) Spells: 8/12 levels left

rFire   . . .      SeeInvis .     - Unarmed
rCold   . . .      Faith    .   (no shield)
rNeg    . . .      Spirit   .   (armour unavailable)
rPois   +          Reflect  .   (helmet currently unavailable)
rElec   .          Harm     .   (cloak currently unavailable)
rCorr   .          Rampage  .   (gloves currently unavailable)
Will    .....      NoTele   +   (boots currently unavailable)
Stlth   +.........              (no amulet)
HPRegen 0.24/turn               k - ring of flight
MPRegen 0.12/turn               (no ring)

@: lethally poisoned (-2 -> -18), tree-form
A: stationary, stasis, torment immunity, boosted hp, (breathe fire), AC +6,
unfitting armour, (fire resistance 1), (cold-blooded)
a: Renounce Religion


You were in a sewer.
You worshipped Ru.
Ru was noncommittal.
You were a tree.
You visited 1 branch of the dungeon, and saw 4 of its levels.
You also visited: Sewer.

You collected 244 gold pieces.

Inventory:

Jewellery
 k - a ring of flight (left branch)
 p - an amulet of regeneration
 q - a +6 ring of strength
Scrolls
 b - 2 scrolls of amnesia
 j - a scroll of fear
 l - a scroll of holy word
Potions
 a - 2 potions of might
 c - a potion of mutation
 d - a potion of brilliance {unknown}
 g - a potion of haste
 h - a potion of invisibility {unknown}
 i - a potion of heal wounds {unknown}
 m - a potion of curing {unknown}
 n - a potion of flight {unknown}
 o - a potion of cancellation {unknown}


   Skills:
 + Level 2.9 Fighting
 + Level 3.0 Dodging
 * Level 4.8 Unarmed Combat
 + Level 3.3 Spellcasting
 * Level 4.2 Transmutations
 - Level 2.0 Poison Magic


You had 8 spell levels left.
You knew the following spells:

 Your Spells              Type           Power      Damage    Failure   Level
a - Beastly Appendage     Tmut           24%        N/A       4%          1
b - Spider Form           Tmut/Pois      9%         N/A       21%         3

Your spell library contained the following spells:

 Spells                   Type           Power      Damage    Failure   Level
 Wereblood                Tmut           12%        N/A       6%          2
 Animate Skeleton         Necr           2%         N/A       24%         1
 Pain                     Necr           4%         1d4       24%         1
 Poisonous Vapours        Pois/Air       8%         N/A       24%         2
 Corpse Rot               Necr/Air       2%         N/A       36%         2
 Vampiric Draining        Necr           1%         2d6       58%         3
 Ice Form                 Ice/Tmut       7%         N/A       69%         4
 Summon Ice Beast         Ice/Summ       1%         N/A       94%         4
 Summon Mana Viper        Hex/Summ       1%         N/A       100%        5
 Monstrous Menagerie      Summ           0%         N/A       100%        7


Dungeon Overview and Level Annotations

Branches:
Dungeon (4/15)              Sewer (1/1)
 Temple: D:4-7

Altars:
Nemelex Xobeh
Ru


Innate Abilities, Weirdness & Mutations

You are a tree.
Your roots penetrate the ground, keeping you stationary.
You cannot be teleported.
You are immune to unholy pain and torment.
Your maximum health is greatly increased.
Your equipment is partially melded.
((You can breathe blasts of fire.))
((Your fiery red scales are hard. (AC +6)))
You cannot fit into any form of body armour.
((Your flesh is heat resistant. (rF+)))
((You are cold-blooded and may be slowed by cold attacks.))


Message History

* * * LOW HITPOINT WARNING * * *
The kobold misses you.
You hit the kobold brigand.
The kobold brigand looks as sick as possible!
The kobold brigand is moderately wounded.
The kobold closely misses you.
The kobold brigand hits you with a +0 club!
* * * LOW HITPOINT WARNING * * *
The kobold completely misses you.
You barely miss the kobold brigand.
The kobold brigand is moderately wounded.
You have got your breath back.
The kobold barely misses you.
The kobold brigand completely misses you.
The kobold misses you.
You barely miss the kobold brigand.
The kobold brigand is moderately wounded.
The kobold completely misses you.
The kobold brigand hits you with a +0 club.
* * * LOW HITPOINT WARNING * * *
It was a potion of degeneration.
There was something very wrong with that liquid.
You feel weakened.
You feel dopey.
You feel clumsy.
Your transformation is almost over.
The kobold closely misses you. The kobold misses you.
The kobold brigand completely misses you.
You hit the kobold brigand.
The kobold brigand is severely wounded.
The kobold misses you. x2
The kobold brigand throws a poisoned dart.
The poisoned dart hits you!
You are lethally poisoned!
You bite the kobold!
You kill the kobold!
* * * LOW HITPOINT WARNING * * *
You feel very sick.
It was a potion of lignification.
Your transformation has ended.
You turn into a tree.
Your roots penetrate the ground.
You die...

≈≈ ≈≈≈≈≈≈≈≈≈≈ ≈≈≈≈# ≈
≈≈≈≈≈≈≈≈≈ ≈≈≈≈ ≈ ≈≈≈≈≈≈≈
≈≈≈≈
######≈≈≈≈##########≈######
..≈≈≈≈≈≈≈≈≈P≈P...P≈P≈#.?..#
..≈≈≈≈≈≈≈≈P≈≈≈..P≈≈≈≈)..∩.#
......≈≈≈≈..P....≈.≈≈'....#
.............†..†P.).#.?!)#
.†....†......##.♣KK..# ####
........#...##########
....P...#...# ..####..#####
### ####


You could see a kobold brigand (very poisoned) and a kobold.

Vanquished Creatures
  2 ogres (D:4)
  A kobold brigand (Sewer)
  A scorpion (D:4)
  2 orc priests (D:3)
  An iguana (D:4)
  2 orc wizards
  5 adders
  A river rat (D:4)
  A worm (D:3)
  8 orcs
  10 endoplasms
  6 giant cockroaches
  11 goblins
  7 hobgoblins
  5 jackals
  5 kobolds
  4 quokkas
  6 ball pythons
  10 bats
  6 frilled lizards
  9 rats
103 creatures vanquished.

Vanquished Creatures (others)
  2 fungi (D:1)
  4 plants
6 creatures vanquished.

Grand Total: 109 creatures vanquished

Notes
Turn   | Place    | Note
-------+----------+-------------------------------------------
     0 | D:1      | kae the Draconian Transmuter began the quest for the Orb.
     0 | D:1      | Reached XP level 1. HP: 16/16 MP: 3/3
   133 | D:1      | Found a faded altar of an unknown god.
   143 | D:1      | Reached XP level 2. HP: 17/23 MP: 3/5
  1149 | D:2      | Reached XP level 3. HP: 17/28 MP: 4/6
  1159 | D:2      | Learned a level 3 spell: Spider Form
  2282 | D:3      | Reached XP level 4. HP: 35/35 MP: 5/7
  2323 | D:3      | Reached skill level 1 in Poison Magic
  2536 | D:3      | Reached XP level 5. HP: 26/41 MP: 4/8
  3086 | D:3      | Found a sacrificial altar of Ru.
  3246 | D:3      | Became a worshipper of Ru the Awakened
  3478 | D:4      | Noticed an ogre
  3673 | D:4      | Killed an ogre
  3674 | D:4      | Reached XP level 6. HP: 48/48 MP: 5/10
  3776 | D:4      | Found a sparkling altar of Nemelex Xobeh.
  4103 | D:4      | Your scales start taking on a fiery red colour.
  4103 | D:4      | Reached XP level 7. HP: 35/56 MP: 7/11
  4103 | D:4      | Gained mutation: Your flesh is heat resistant. (rF+) [Red
                  | Draconian growth]
  4105 | D:4      | Found a glowing drain.
  4115 | Sewer    | Entered a sewer
  4407 | Sewer    | HP: 1/56 [poisoned by a kobold brigand]
  4408 | Sewer    | Succumbed to a kobold brigand's poison

Illustrated notes

Levels and vault maps discovered:
D:1:      wander_arrival_fairy_ring, layout_loops_ring,
          shapermc_ecumenical_altar_mp_ritualfount
D:2:      layout_basic, kennysheep_minor_cross
D:3:      layout_loops_corners, nicolae_ru_sacrificial_ziggurat,
          minmay_statues_item, feat_on_display
D:4:      layout_basic, kennysheep_mini_moat, serial_co_window_serial,
          co_window_of_opportunity_a, co_window_of_opportunity_a,
          co_window_corner_a, co_window_corner_a, co_window_corner_a,
          co_window_paths_a, co_window_broadway_b, co_window_unsneaky_path_a,
          co_window_of_opportunity_c, co_window_unsneaky_path_b,
          co_window_paths_e, glass_columns_a, glass_columns_a,
          gup_sewer_entry_bubbles, guppyfry_early_lair_pool
Sewer:    kennysheep_pipe_town

Skill      XL: |  1  2  3  4  5  6  7 |
---------------+----------------------+-----
Dodging        | 2 3 |  3.0
Poison Magic   | 1 2 |  2.0
Transmutations | 3 4 |  4.2
Fighting       | 2 |  2.9
Unarmed Combat | 4 |  4.8
Spellcasting   | 3 |  3.3

Action                   |  1- 3 |  4- 6 |  7- 9 || total
-------------------------+-------+-------+-------++-------
Melee: Unarmed           |   147 |   140 |    37 ||   324
       Kick              |    14 |     8 |       ||    22
       Headbutt          |     8 |     8 |       ||    16
       Tailslap          |     9 |     9 |     2 ||    20
       Punch             |     1 |     2 |       ||     3
 Cast: Beastly Appendage |    30 |    10 |       ||    40
       Spider Form       |       |    11 |     5 ||    16
 Abil: Breathe Fire      |       |       |     1 ||     1
  Use: Scroll            |     6 |     4 |       ||    10
       Potion            |       |       |     2 ||     2
 Stab: Sleeping          |     1 |       |       ||     1
Armor: Skin              |    49 |    20 |    15 ||    84
Dodge: Dodged            |   129 |    98 |    57 ||   284

Table legend: (Time is in decaauts)
 A = Elapsed time spent in this place.
 B = Non-inter-level travel time spent in this place.
 C = Inter-level travel time spent in this place.
 D = Time resting spent in this place.
 E = Time spent auto-exploring this place.
 F = Levels seen in this place.
 G = Mean time per level.
                   A        B        C        D        E       F      G
               +--------+--------+--------+--------+--------+-----+--------+
         Total |   4392 |   4182 |    210 |    250 |   2902 |   5 |  878.4 |
       Dungeon |   4103 |   3893 |    210 |    131 |   2809 |   4 | 1025.8 |
         Sewer |    289 |    289 |      0 |    119 |     93 |   1 |  289.0 |
               +--------+--------+--------+--------+--------+-----+--------+

Top non-repeatable levels by time:
     D:3: 1444 daAuts
     D:2: 1195 daAuts
     D:1: 1007 daAuts
     D:4: 455 daAuts
   Sewer: 289 daAuts
